[Event "Titled Tuesday Blitz April 26 Late 2022"]
[White "Leitao, Rafael"]
[Black "Rustemov, Alexander"]
[WhiteFideId "2101246"]
[BlackFideId "4119002"]
[WhiteElo "2609"]
[BlackElo "2864"]
[Result "0-1"]
[Round "07"]
[TimeControl "180+1"]
[Date "2022.04.26"]
[WhiteClock "0:00:13"]
[BlackClock "0:00:56"]

1. e4 e6 2. d4 d5 3. Nc3 Bb4 4. e5 c5 5. a3 Bxc3+ 6. bxc3 Ne7 7. h4 Qc7 8. h5 cxd4 9. cxd4 Qc3+ 10. Bd2 Qxd4 11. Nf3 Qe4+ 12. Be2 Nf5 13. O-O b6 14. Re1 Qa4 15. Bd3 h6 16. Bxf5 exf5 17. Bb4 Be6 18. Bd6 Nc6 19. Qd2 Rc8 20. Rab1 Kd7 21. c3 Rhd8 22. Qe3 Ke8 23. Nd4 Kd7 24. Qg3 Nxd4 25. cxd4 Rg8 26. Qh4 Rge8 27. Rbc1 Rc4 28. Rxc4 dxc4 29. Qg3 Rg8 30. Qh4 Kc8 31. Qf4 Kb7 32. d5 Bxd5 33. Qxf5 Qc6 34. f3 c3 35. Rc1 Rc8 36. Bb4 c2 37. Kh2 a5 38. Bd6 Be6 39. Qd3 Qc4 40. Qe3 Bf5 41. Kg3 Qd3 42. Qf4 Rc4 0-1


[Site "https://www.chess.com"]

[Event "Titled Tuesday Blitz April 26 Late 2022"]
[White "Leiva, Gianmarco"]
[Black "Grischuk, Alexander"]
[WhiteFideId "3804399"]
[BlackFideId "4126025"]
[WhiteElo "2323"]
[BlackElo "2762"]
[Result "0-1"]
[Round "07"]
[TimeControl "180+1"]
[Date "2022.04.26"]
[WhiteClock "0:00:01"]
[BlackClock "0:01:12"]

1. e4 e6 2. Qe2 c5 3. Nf3 Nc6 4. g3 g6 5. Bg2 Bg7 6. O-O d6 7. c3 e5 8. Na3 Nge7 9. d3 O-O 10. Nc4 h6 11. a4 Be6 12. a5 Qd7 13. Bd2 f5 14. b4 cxb4 15. cxb4 fxe4 16. dxe4 Bg4 17. Qd3 Nd4 18. Nxd4 exd4 19. Bf4 Rxf4 20. gxf4 Rf8 21. Qg3 Be2 22. Bh3 Qc6 23. Nd2 Qc3 24. Rfd1 d3 25. Rac1 Qf6 26. Nc4 Nc6 27. Rxd3 Bxd3 28. Qxd3 Qxf4 29. Rf1 Nd4 30. Bg2 Kh8 31. Ne3 Be5 0-1


[Site "https://www.chess.com"]

[Event "Titled Tuesday Blitz April 26 Late 2022"]
[White "Leschinsky, Gary"]
[Black "Piekarski, Atila Balzer"]
[WhiteFideId "30951321"]
[BlackFideId "2119552"]
[WhiteElo "1782"]
[BlackElo "2050"]
[Result "1-0"]
[Round "07"]
[TimeControl "180+1"]
[Date "2022.04.26"]
[WhiteClock "0:01:40"]
[BlackClock "0:01:05"]

1. d4 d5 2. c4 dxc4 3. Nf3 Nf6 4. e3 e6 5. Bxc4 c5 6. O-O a6 7. e4 Nxe4 8. Qe2 Nf6 9. d5 Nxd5 10. Rd1 Be7 11. Nc3 O-O 12. Nxd5 exd5 13. Bxd5 Qc7 14. Ng5 Bf5 15. Nxf7 Rxf7 16. Bf4 Qxf4 17. Qxe7 Bd7 18. Qd8+ 1-0


[Site "https://www.chess.com"]

[Event "Titled Tuesday Blitz April 26 Late 2022"]
[White "Licznerski, Lukasz"]
[Black "Oro, Luis"]
[WhiteFideId "1179250"]
[BlackFideId "104094"]
[WhiteElo "2422"]
[BlackElo "2387"]
[Result "1-0"]
[Round "07"]
[TimeControl "180+1"]
[Date "2022.04.26"]
[WhiteClock "0:00:04"]
[BlackClock "0:00:05"]

1. e4 c5 2. Nf3 d6 3. d4 cxd4 4. Nxd4 Nf6 5. Nc3 a6 6. Be2 e5 7. Nf3 Be7 8. Bg5 b5 9. Bxf6 Bxf6 10. a4 b4 11. Nd5 Nc6 12. Nd2 Nd4 13. Nc4 Be6 14. Ncb6 Rb8 15. a5 O-O 16. Bxa6 b3 17. cxb3 Bxd5 18. exd5 Bg5 19. O-O f5 20. Bc4 f4 21. f3 h5 22. Bd3 h4 23. h3 Rf7 24. Ra3 Rfb7 25. Nc4 Rxb3 26. Rxb3 Rxb3 27. a6 Qb8 28. Be4 Rb4 29. Qd3 Bd8 30. Ra1 Qa7 31. Kh1 Nb3 32. Ra3 Nc5 33. Bh7+ Kh8 34. Qc2 Rxc4 35. Qxc4 Kxh7 36. b4 Nd7 37. Qc6 Nf6 38. Qxd6 Bb6 39. Qxe5 Be3 40. Qf5+ Kh6 41. Rc3 Qd4 42. Qd3 Qb6 43. Rb3 Qd6 44. Rb1 Nxd5 45. Rd1 Qxb4 46. Qxd5 Qb2 47. Qd6+ Kh7 48. Qd3+ Kh6 49. Qd6+ Kh7 50. Qd5 Qf6 51. Qe4+ Kh6 52. Qd3 g6 53. Qf1 Qb6 54. Ra1 Qa7 55. Qc4 Bd4 56. Rd1 Be3 57. Qe6 Qc5 58. Qe8 Qa7 59. Qh8+ Kg5 60. Qd8+ Kh5 61. Rd5+ Kh6 62. Qxh4+ Kg7 63. Rd6 Qc5 64. Rd7+ Kf8 65. Qh8# 1-0


[Site "https://www.chess.com"]

[Event "Titled Tuesday Blitz April 26 Late 2022"]
[White "Lin, Dachey"]
[Black "Golubev, Mikhail"]
[WhiteFideId "2029650"]
[BlackFideId "14100983"]
[WhiteElo "2313"]
[BlackElo "2374"]
[Result "0-1"]
[Round "07"]
[TimeControl "180+1"]
[Date "2022.04.26"]
[WhiteClock "0:00:48"]
[BlackClock "0:00:06"]

1. Nc3 Nf6 2. e4 d5 3. e5 Nfd7 4. f4 c5 5. Nf3 Nc6 6. g3 e6 7. Bg2 a6 8. O-O b5 9. d3 Rb8 10. Ne2 b4 11. g4 Be7 12. Ng3 O-O 13. Qe1 a5 14. f5 a4 15. Bf4 Qb6 16. Kh1 Ba6 17. g5 g6 18. f6 Bd8 19. h4 Bc7 20. h5 c4 21. d4 Nxd4 22. Be3 Nxf3 23. Bxb6 Nxe1 24. Bxc7 Nxg2 25. Kxg2 Rb7 26. Bd6 Rc8 27. hxg6 fxg6 28. Rf4 Nc5 29. Raf1 Rf7 30. Rh1 Bb7 31. Rd4 b3 32. axb3 cxb3 33. c3 a3 34. bxa3 Ne4 35. Bb4 Nxc3 36. Ne2 Nxe2 37. Rd2 d4+ 38. Kh2 Bxh1 39. Kxh1 Ng3+ 40. Kg2 Nf5 41. Kf3 Rfc7 42. Rh2 Rc3+ 43. Ke4 Re3+ 44. Kf4 Rd3 45. a4 Rb8 46. Ba3 Rd1 47. a5 Ra1 48. Bb2 Ra2 49. Ke4 Rxa5 50. Rh1 Ra2 51. Rb1 Rd8 52. Bc1 d3 53. Rxb3 d2 54. Bxd2 Raxd2 55. Rb7 R8d4+ 56. Kf3 R4d3+ 57. Kg4 Rg3+ 58. Kf4 Rd4# 0-1


[Site "https://www.chess.com"]

[Event "Titled Tuesday Blitz April 26 Late 2022"]
[White "Maghsoodloo, Parham"]
[Black "Moskalenko, Alexander"]
[WhiteFideId "12539929"]
[BlackFideId "4155351"]
[WhiteElo "2630"]
[BlackElo "2434"]
[Result "0-1"]
[Round "07"]
[TimeControl "180+1"]
[Date "2022.04.26"]
[WhiteClock "0:00:02"]
[BlackClock "0:00:13"]

1. d4 d5 2. c4 e6 3. Nf3 c6 4. Nbd2 f5 5. h3 Nf6 6. g4 Bd6 7. Qc2 O-O 8. b3 Ne4 9. Bb2 a5 10. a3 b5 11. e3 a4 12. cxb5 axb3 13. Qxb3 fxg4 14. Nxe4 dxe4 15. Nd2 g3 16. Nxe4 gxf2+ 17. Kd2 cxb5 18. Bxb5 Kh8 19. Rhf1 Bb7 20. Nxd6 Qxd6 21. Qb4 Qd8 22. Ke2 Nd7 23. Rxf2 Rxf2+ 24. Kxf2 Qh4+ 25. Ke2 Nf6 26. Bd3 Be4 27. Rf1 Bxd3+ 28. Kxd3 Qxh3 29. Rf2 Qh1 30. Qc4 Qd1+ 31. Rd2 Qf1+ 32. Re2 Nd5 33. Kd2 Rb8 34. Bc1 h5 35. Qc2 Nf6 36. Qg6 Qf5 37. Qxf5 exf5 38. Kd3 h4 39. Rh2 g5 40. a4 Kg7 41. a5 Ra8 42. Ra2 Ne4 43. d5 g4 44. Bb2+ Kf7 45. Be5 g3 46. Kd4 h3 47. Bxg3 Nxg3 48. Rh2 Rh8 49. Ke5 Nf1 50. Rh1 Nxe3 51. a6 Kg6 52. a7 Ng4+ 53. Kf4 h2 54. d6 Ra8 55. d7 Kf6 56. Re1 Ne5 0-1


[Site "https://www.chess.com"]

[Event "Titled Tuesday Blitz April 26 Late 2022"]
[White "Makarian, Rudik"]
[Black "Moraes, Nelson da Silva"]
[WhiteFideId "44105681"]
[BlackFideId "2140772"]
[WhiteElo "2388"]
[BlackElo "2123"]
[Result "1-0"]
[Round "07"]
[TimeControl "180+1"]
[Date "2022.04.26"]
[WhiteClock "0:01:16"]
[BlackClock "0:01:25"]

1. d3 d5 2. f4 c5 3. Nf3 Nc6 4. g3 Nf6 5. Bg2 e6 6. O-O Bd6 7. Nc3 O-O 8. e4 dxe4 9. Nxe4 Nxe4 10. dxe4 Bc7 11. Qe2 Nd4 12. Nxd4 Qxd4+ 13. Kh1 Rd8 14. e5 Rb8 15. c3 Qd3 16. Qxd3 Rxd3 17. Be4 Rd8 18. Be3 b6 19. Rfd1 Ba6 20. Kg2 Rxd1 21. Rxd1 Rd8 22. Rxd8+ Bxd8 23. b3 h6 24. c4 Kf8 25. g4 Ke8 26. Kf3 Kd7 27. Kg3 Bc7 28. h4 Ke7 29. Kf3 f6 30. exf6+ Kxf6 31. g5+ hxg5 32. fxg5+ Kf7 33. h5 Be5 34. Bf4 Bxf4 35. Kxf4 1-0


[Site "https://www.chess.com"]

[Event "Titled Tuesday Blitz April 26 Late 2022"]
[White "Mardov, Dimitar"]
[Black "Keymer, Vincent"]
[WhiteFideId "30919495"]
[BlackFideId "12940690"]
[WhiteElo "2185"]
[BlackElo "2557"]
[Result "1/2-1/2"]
[Round "07"]
[TimeControl "180+1"]
[Date "2022.04.26"]
[WhiteClock "0:00:06"]
[BlackClock "0:00:02"]

1. d4 Nf6 2. Nf3 e6 3. c4 d5 4. Nc3 c5 5. cxd5 Nxd5 6. e4 Nxc3 7. bxc3 cxd4 8. cxd4 Bb4+ 9. Bd2 Bxd2+ 10. Qxd2 O-O 11. Bc4 Nd7 12. O-O b6 13. Rad1 Bb7 14. Rfe1 Rc8 15. Bb3 h6 16. h3 Nf6 17. d5 exd5 18. e5 Ne4 19. Qf4 Nc5 20. Nd4 Ne6 21. Qg3 Qg5 22. Qxg5 hxg5 23. Nf5 Rc5 24. Ne7+ Kh7 25. Nxd5 Re8 26. Ne3 Rxe5 27. Rd7 Nc5 28. Rxf7 R8e7 29. Rf8 Nxb3 30. axb3 Rb5 31. Rb1 a5 32. Rf5 Ree5 33. Rxe5 Rxe5 34. Rc1 Rb5 35. Rc3 Be4 36. Kf1 Bb1 37. Nc4 Rb4 38. Nd2 Bg6 39. f3 Bf7 40. Kf2 b5 41. Ke3 Kg6 42. Rc6+ Kh7 43. Ra6 Bxb3 44. Rxa5 Bd5 45. Ra7 Kg6 46. Rd7 Bf7 47. Rd6+ Kh5 48. Ne4 Bg6 49. g4+ Kh6 50. Ng3 Kh7 51. Rb6 Rb3+ 52. Kf2 b4 53. Ne2 Rb2 54. Ke3 Rb3+ 55. Kf2 Rb2 56. Ke3 Rb3+ 57. Kf2 1/2-1/2


[Site "https://www.chess.com"]

[Event "Titled Tuesday Blitz April 26 Late 2022"]
[White "Martin Barcelo, Carles"]
[Black "Smail, Benedict"]
[WhiteFideId "24561444"]
[BlackFideId "2050480"]
[WhiteElo "1875"]
[BlackElo "2070"]
[Result "1/2-1/2"]
[Round "07"]
[TimeControl "180+1"]
[Date "2022.04.26"]
[WhiteClock "0:01:28"]
[BlackClock "0:01:29"]

1. e4 c5 2. Nf3 d6 3. Bb5+ Bd7 4. Bxd7+ Qxd7 5. c4 g6 6. O-O Bg7 7. d4 cxd4 8. Nxd4 Nc6 9. Be3 Nf6 10. f3 a6 11. Nc3 Nxd4 12. Bxd4 b5 13. Qd3 bxc4 14. Qxc4 O-O 15. Rfd1 Rfc8 16. Qd3 Qb7 17. b3 h5 18. Rac1 Rc6 19. Bxf6 Bxf6 20. Nd5 Rac8 21. Nxf6+ exf6 22. Rxc6 Rxc6 23. Qd5 Qb6+ 24. Kh1 Rc2 25. h3 Rxa2 26. Qxd6 Qf2 27. Rg1 Kg7 28. e5 fxe5 29. Qxe5+ Kg8 30. Qe8+ Kg7 31. Qe5+ Kg8 32. Qe8+ Kg7 33. Qe5+ 1/2-1/2


[Site "https://www.chess.com"]

[Event "Titled Tuesday Blitz April 26 Late 2022"]
[White "Martinez Reyes, Pedro Ramon"]
[Black "Zherebtsova, Alexandra"]
[WhiteFideId "3901807"]
[BlackFideId "24129518"]
[WhiteElo "2410"]
[BlackElo "2025"]
[Result "1-0"]
[Round "07"]
[TimeControl "180+1"]
[Date "2022.04.26"]
[WhiteClock "0:01:44"]
[BlackClock "0:00:04"]

1. f4 d5 2. Nf3 g6 3. e3 Bg7 4. d4 Nh6 5. Be2 O-O 6. O-O Nd7 7. a4 Nf6 8. Ne5 Nf5 9. c4 c6 10. Nc3 Ne4 11. Nxe4 dxe4 12. Bd2 f6 13. Ng4 Nd6 14. c5 Nf7 15. Nf2 f5 16. b4 Be6 17. b5 Bd5 18. g4 h6 19. gxf5 gxf5 20. Kh1 Kh8 21. Rg1 Rg8 22. Bh5 Qf8 23. Rg6 Nd8 24. Qe2 Ne6 25. Rag1 Nxd4 26. exd4 e3+ 27. Bf3 Bxf3+ 28. Qxf3 exd2 29. Qe3 Rd8 30. Qe2 Rxd4 31. Nh3 Qd8 32. Qe6 Qd5+ 33. Qxd5 Rxd5 34. Nf2 e5 35. fxe5 Rxe5 36. Nd1 Re1 37. h4 Rxg1+ 38. Rxg1 Re8 39. bxc6 Re1 40. cxb7 Be5 41. Kg2 Kg7 42. Kf2+ 1-0


[Site "https://www.chess.com"]

[Event "Titled Tuesday Blitz April 26 Late 2022"]
[White "Mayaud, Raphael"]
[Black "Ferreira, Vitor Hugo Vieira"]
[WhiteFideId "627151"]
[BlackFideId "2119765"]
[WhiteElo "2191"]
[BlackElo "2165"]
[Result "1-0"]
[Round "07"]
[TimeControl "180+1"]
[Date "2022.04.26"]
[WhiteClock "0:02:02"]
[BlackClock "0:01:49"]

1. d4 Nf6 2. Bg5 d5 3. Bxf6 exf6 4. e3 Bd6 5. g3 O-O 6. Bg2 c6 7. Ne2 f5 8. Nd2 Nd7 9. c4 Nf6 10. Nc3 dxc4 11. Nxc4 Bc7 12. O-O Re8 13. d5 cxd5 14. Nxd5 Nxd5 15. Qxd5 Be6 16. Qxd8 Raxd8 17. b3 b5 18. Na3 a6 19. Rfd1 Be5 20. Rab1 g5 21. Bb7 Rb8 22. Bxa6 Rb6 23. Bxb5 Ra8 24. Ba4 Bd6 25. Nb5 Bb8 26. Nd4 Bd5 27. Nxf5 Be4 28. Rd8# 1-0


[Site "https://www.chess.com"]

[Event "Titled Tuesday Blitz April 26 Late 2022"]
[White "Meduri, Aakaash"]
[Black "Barria Zuniga, Daniel"]
[WhiteFideId "2032252"]
[BlackFideId "3400816"]
[WhiteElo "2096"]
[BlackElo "2414"]
[Result "0-1"]
[Round "07"]
[TimeControl "180+1"]
[Date "2022.04.26"]
[WhiteClock "0:00:11"]
[BlackClock "0:00:07"]

1. d4 d5 2. Bf4 c6 3. e3 Qb6 4. Qc1 Nf6 5. Nd2 Bg4 6. h3 Bh5 7. Ngf3 e6 8. Ne5 c5 9. c3 Nc6 10. Bd3 Rc8 11. Qb1 Be7 12. O-O Bg6 13. Nxg6 hxg6 14. Nf3 O-O 15. Bh2 a6 16. Re1 Qd8 17. Ne5 Nxe5 18. Bxe5 Bd6 19. f4 Bxe5 20. fxe5 Nd7 21. Rf1 Qg5 22. Qe1 f5 23. Rf4 Kf7 24. Qd1 cxd4 25. cxd4 Rc7 26. Qb3 Rfc8 27. Raf1 Kg8 28. Kh2 Nb8 29. Qd1 Nc6 30. Qd2 Nd8 31. g4 Nf7 32. Rg1 Qh6 33. gxf5 gxf5 34. Rf2 Ng5 35. Rg3 g6 36. e4 dxe4 37. Rfg2 Nf3+ 38. Rxf3 Qxd2 39. Rxd2 exf3 40. Kg3 Kf7 41. Kxf3 Rh8 42. Kg3 g5 43. d5 Rh4 44. d6 Rd7 45. b3 Rd4 46. Kf3 Rd5 47. a3 Rxe5 48. Bc4 Kf6 49. Rd1 b5 50. Bf1 Rd5 51. Rc1 R7xd6 52. a4 Rd3+ 53. Bxd3 Rxd3+ 54. Ke2 Rxb3 55. axb5 axb5 56. Rc5 Rxh3 57. Rxb5 g4 58. Kf2 Rd3 59. Ke2 Rd5 60. Rb8 Ke5 61. Rg8 Kf4 62. Kf2 e5 63. Ra8 Rd4 64. Ra3 e4 65. Ke2 Rd3 66. Ra1 Rf3 67. Rg1 g3 68. Rh1 Rf2+ 69. Ke1 Kf3 70. Rh5 f4 71. Ra5 e3 72. Ra1 g2 73. Kd1 Rf1+ 74. Kc2 Rxa1 0-1


[Site "https://www.chess.com"]

[Event "Titled Tuesday Blitz April 26 Late 2022"]
[White "Melikhov, Evgeny V."]
[Black "Jegorovas, Aleksandras"]
[WhiteFideId "4122046"]
[BlackFideId "12801950"]
[WhiteElo "1931"]
[BlackElo "2247"]
[Result "1/2-1/2"]
[Round "07"]
[TimeControl "180+1"]
[Date "2022.04.26"]
[WhiteClock "0:00:09"]
[BlackClock "0:00:21"]

1. d4 e6 2. c4 Nf6 3. Nc3 Bb4 4. Qc2 O-O 5. e4 d5 6. e5 Ne4 7. Bd3 c5 8. Nf3 cxd4 9. Nxd4 Nd7 10. Bf4 Ndc5 11. O-O Bxc3 12. bxc3 Qh4 13. g3 Qh5 14. cxd5 exd5 15. f3 Nxd3 16. Qxd3 Nc5 17. Qe3 Ne6 18. g4 Qg6 19. Bg3 Nxd4 20. cxd4 f5 21. exf6 Qxf6 22. Be5 Qg6 23. Rac1 Be6 24. Rc7 Rf7 25. Rxf7 Qxf7 26. Rc1 Rc8 27. Rxc8+ Bxc8 28. Kg2 h5 29. h3 hxg4 30. hxg4 Be6 31. Qg5 Qd7 32. Kg3 b5 33. f4 Qf7 34. f5 Bd7 35. Qd8+ Be8 36. Kf4 Qd7 37. Qa8 b4 38. g5 g6 39. fxg6 a5 40. g7 a4 41. Qa6 Qh3 42. Qa8 Qf1+ 43. Ke3 Qe1+ 44. Kf4 Qf2+ 45. Kg4 Qg2+ 46. Kf4 Qf2+ 47. Kg4 Qf7 48. Qb8 b3 49. axb3 axb3 50. Qxb3 Bd7+ 51. Kg3 Qe6 52. Qb8+ Be8 53. Qd8 Qf7 54. Qf6 Qxf6 55. gxf6 Kf7 56. Kf4 Kg8 57. Kg5 Kf7 58. Bd6 Kg8 59. Be7 Kf7 60. Kf4 Kg8 61. Ke5 Bf7 62. Kd6 Kh7 63. Ke5 Kg8 64. Kd6 Kh7 65. Bf8 Kg8 66. Ke7 Bh5 67. Ke6 Bf7+ 68. Ke5 Kh7 69. Kf5 Kg8 70. Bd6 Kh7 71. Be5 Kg8 72. Kg5 Kh7 73. Bg3 Kg8 74. Kf5 Kh7 75. Ke5 Kg8 76. Bh4 Kh7 77. Kd6 Kg8 78. Ke7 Bg6 79. Bg5 Bf7 80. Bf4 Bg6 81. Ke6 Bf7+ 82. Kf5 Kh7 83. Kg5 Kg8 84. Kh6 Be6 85. Bd6 Bf7 86. Be5 Be6 87. Kg6 Bf7+ 88. Kf5 Kh7 89. Bd6 Kg8 90. Ke5 Kh7 91. Bf8 Kg8 92. Kd6 Kh7 93. Ke7 Kg8 94. Kd6 Kh7 95. Ke5 Kg8 96. Kd6 1/2-1/2


[Site "https://www.chess.com"]

[Event "Titled Tuesday Blitz April 26 Late 2022"]
[White "Melkumyan, Hrant"]
[Black "Chigaev, Maksim"]
[WhiteFideId "13302485"]
[BlackFideId "4108116"]
[WhiteElo "2604"]
[BlackElo "2478"]
[Result "1-0"]
[Round "07"]
[TimeControl "180+1"]
[Date "2022.04.26"]
[WhiteClock "0:00:06"]
[BlackClock "0:00:01"]

1. c4 e5 2. g3 Nc6 3. Bg2 g6 4. Nc3 Bg7 5. e3 d6 6. Nge2 Nge7 7. d4 exd4 8. exd4 O-O 9. O-O Nf5 10. d5 Ne5 11. b3 a5 12. a4 h5 13. Ra2 h4 14. Nb5 h3 15. Bh1 Re8 16. Nf4 Bd7 17. Re2 Nh6 18. Ree1 Bg4 19. Qc2 Qd7 20. Nd4 c5 21. dxc6 bxc6 22. Bb2 Rab8 23. Re3 Nf5 24. Nxf5 Bxf5 25. Qd1 Bg4 26. Qc2 Bf5 27. Qd2 Qc7 28. Rfe1 Red8 29. Bc3 Ra8 30. Qe2 Bg4 31. Qb2 Rab8 32. Qd2 Ra8 33. c5 dxc5 34. Qb2 Rd4 35. Ne2 Bxe2 36. Bxd4 cxd4 37. R3xe2 Rd8 38. Qd2 d3 39. Re4 f5 40. R4e3 Kh7 41. Qd1 c5 42. Rf1 c4 43. bxc4 Qxc4 44. Qe1 Ng4 45. Re7 d2 46. Qa1 Rg8 47. Rd7 Kh6 48. Qb1 Re8 49. Rxd2 Bc3 50. Rc2 Re2 51. Qc1+ Bd2 52. Rxc4 Bxc1 53. Rcxc1 Rd2 54. Bf3 1-0


[Site "https://www.chess.com"]

[Event "Titled Tuesday Blitz April 26 Late 2022"]
[White "Mickiewicz, Piotr"]
[Black "Yurasova, Daria"]
[WhiteFideId "1114891"]
[BlackFideId "34146919"]
[WhiteElo "2266"]
[BlackElo "2064"]
[Result "1-0"]
[Round "07"]
[TimeControl "180+1"]
[Date "2022.04.26"]
[WhiteClock "0:00:11"]
[BlackClock "0:01:31"]

1. Nf3 d5 2. g3 Nf6 3. Bg2 c6 4. O-O g6 5. b3 Bg7 6. Bb2 O-O 7. d3 Nbd7 8. Nbd2 Re8 9. c4 e5 10. Qc2 e4 11. dxe4 Nxe4 12. Bxg7 Kxg7 13. cxd5 cxd5 14. Rac1 Ndf6 15. Qb2 Kg8 16. e3 Bg4 17. Nd4 Nxd2 18. Qxd2 Ne4 19. Qb4 Qb6 20. Qxb6 axb6 21. Rc2 Nf6 22. Rfc1 h5 23. h3 Bd7 24. Rc7 Be6 25. Kf1 Rxa2 26. R7c2 Rxc2 27. Rxc2 h4 28. g4 Ne4 29. Ke2 Nc5 30. b4 Ne4 31. Bxe4 dxe4 32. Rc7 Ra8 33. Nxe6 fxe6 34. Re7 Ra2+ 35. Kf1 Rb2 36. Rxe6 Rxb4 37. Rxg6+ Kf7 38. Rh6 Rb1+ 39. Kg2 b5 40. Rxh4 b4 41. Rh5 b3 42. Rb5 Kg6 43. h4 b2 44. Rb6+ Kg7 45. h5 Kg8 46. g5 Kh8 47. Rxb7 Kg8 48. h6 Kf8 49. h7 1-0


[Site "https://www.chess.com"]

[Event "Titled Tuesday Blitz April 26 Late 2022"]
[White "Migot, Tangi"]
[Black "Korchmar, Vasiliy"]
[WhiteFideId "662445"]
[BlackFideId "24131750"]
[WhiteElo "2517"]
[BlackElo "2370"]
[Result "0-1"]
[Round "07"]
[TimeControl "180+1"]
[Date "2022.04.26"]
[WhiteClock "0:00:12"]
[BlackClock "0:01:29"]

1. g3 d5 2. Bg2 g6 3. Nf3 Bg7 4. O-O e5 5. c4 c6 6. cxd5 cxd5 7. d3 Ne7 8. Nc3 Nbc6 9. Bd2 O-O 10. Rc1 h6 11. a3 Be6 12. Na4 b6 13. b4 Qd7 14. b5 Nd8 15. Qb3 Nb7 16. Qb1 Nd6 17. Bb4 Rfe8 18. Nc3 Nxb5 19. Nxb5 Qxb5 20. Rc7 Nc6 21. Bd6 Qxb1 22. Rxb1 Rac8 23. Rc1 Rxc7 24. Bxc7 Bd7 25. Nd2 Nd4 26. Kf1 Rc8 27. a4 Ne6 0-1


[Site "https://www.chess.com"]

[Event "Titled Tuesday Blitz April 26 Late 2022"]
[White "Mikhailov, Viacheslav"]
[Black "Song, Michael"]
[WhiteFideId "4187369"]
[BlackFideId "2613190"]
[WhiteElo "2381"]
[BlackElo "2274"]
[Result "1-0"]
[Round "07"]
[TimeControl "180+1"]
[Date "2022.04.26"]
[WhiteClock "0:00:49"]
[BlackClock "0:00:32"]

1. c4 c5 2. g3 Nc6 3. Bg2 g6 4. Nf3 Bg7 5. O-O e5 6. Nc3 Nge7 7. d3 O-O 8. Bg5 h6 9. Bxe7 Nxe7 10. Rc1 d6 11. a3 a5 12. Nd2 Rb8 13. Nd5 Be6 14. b4 Bxd5 15. cxd5 axb4 16. axb4 cxb4 17. Qb3 b5 18. Qxb4 Qb6 19. Rb1 Nf5 20. e4 Nd4 21. Nc4 bxc4 22. Qxb6 Rxb6 23. Rxb6 c3 24. Bh3 f5 25. Kg2 Rc8 26. Rc1 Ne2 27. Rc6 Rf8 28. Re1 f4 29. Bg4 f3+ 30. Bxf3 Nd4 31. Bg4 1-0


[Site "https://www.chess.com"]

[Event "Titled Tuesday Blitz April 26 Late 2022"]
[White "Mikhalsky, Vladimir"]
[Black "Lopez Del Alamo, Antonio"]
[WhiteFideId "14144352"]
[BlackFideId "2227339"]
[WhiteElo "2301"]
[BlackElo "2082"]
[Result "1-0"]
[Round "07"]
[TimeControl "180+1"]
[Date "2022.04.26"]
[WhiteClock "0:01:35"]
[BlackClock "0:00:46"]

1. e4 c5 2. Nf3 e6 3. g3 d5 4. e5 Nc6 5. Bg2 Qc7 6. Qe2 Nge7 7. O-O g6 8. d3 Bg7 9. Bf4 h6 10. h4 g5 11. hxg5 hxg5 12. Bxg5 Nxe5 13. Bxe7 Nxf3+ 14. Qxf3 Qxe7 15. Nc3 Bd7 16. Rfe1 Bc6 17. Qg4 f5 18. Qg6+ Qf7 19. Rxe6+ Kf8 20. Nxd5 Qxg6 21. Rxg6 Bxb2 22. Rb1 Bd4 23. Nc7 Rc8 24. Bxc6 bxc6 25. Rxc6 Kf7 26. Rb7 Rhd8 27. Ne6+ Kg6 28. Nxd8+ Rxc6 29. Nxc6 1-0


[Site "https://www.chess.com"]

[Event "Titled Tuesday Blitz April 26 Late 2022"]
[White "Moussard, Jules"]
[Black "Bluebaum, Matthias"]
[WhiteFideId "642908"]
[BlackFideId "24651516"]
[WhiteElo "2589"]
[BlackElo "2550"]
[Result "1/2-1/2"]
[Round "07"]
[TimeControl "180+1"]
[Date "2022.04.26"]
[WhiteClock "0:00:08"]
[BlackClock "0:00:09"]

1. Nf3 d5 2. b3 Bg4 3. e3 Nd7 4. h3 Bh5 5. Bb2 e6 6. d3 a5 7. a4 h6 8. Nbd2 Ngf6 9. Be2 Bb4 10. O-O O-O 11. Ne5 Bxe2 12. Qxe2 Nxe5 13. Bxe5 Bd6 14. Bb2 e5 15. e4 Re8 16. exd5 Nxd5 17. Qf3 c6 18. Nc4 Bc7 19. Rfe1 Qg5 20. Re4 f5 21. Re2 Nf4 22. Ree1 Ng6 23. Bc1 Qf6 24. Bb2 Qf7 25. Qh5 Re6 26. Re3 b5 27. axb5 cxb5 28. Na3 Rb8 29. Rae1 Rf6 30. c4 bxc4 31. dxc4 Qd7 32. Nb5 Bb6 33. Rg3 Nf4 34. Qd1 Qxd1 35. Rxd1 Ne2+ 36. Kh2 Nxg3 37. Bxe5 Ne4 38. Bxb8 Nxf2 39. Rd6 Ne4 40. Rxf6 Nxf6 41. Kg3 g5 42. Kf3 Kf7 43. g4 fxg4+ 44. hxg4 Ke6 45. Bd6 Nd7 46. Ke4 Bc5 47. Bg3 Bb6 48. Nd4+ Bxd4 49. Kxd4 Nf6 50. Be1 Nxg4 51. Bxa5 h5 52. Ke4 h4 53. Bd8 h3 54. Kf3 Kf5 55. b4 Ne5+ 56. Kg3 g4 57. b5 Nxc4 58. b6 Nd6 59. Bc7 Nb7 60. Bb8 Nc5 61. Bc7 Nb7 62. Bb8 Kg5 63. Bf4+ Kh5 64. Bc7 Kg5 65. Bf4+ Kf5 66. Bc7 Nc5 67. Bb8 Kg5 68. Bf4+ Kh5 69. Bc7 Kg5 70. Bf4+ Kh5 71. Bc7 Nb7 72. Bb8 Na5 73. Bc7 Nb7 74. Bb8 Kg5 75. Bf4+ 1/2-1/2


[Site "https://www.chess.com"]

[Event "Titled Tuesday Blitz April 26 Late 2022"]
[White "Muradli, Mahammad"]
[Black "Svane, Rasmus"]
[WhiteFideId "13409301"]
[BlackFideId "4657101"]
[WhiteElo "2611"]
[BlackElo "2645"]
[Result "0-1"]
[Round "07"]
[TimeControl "180+1"]
[Date "2022.04.26"]
[WhiteClock "0:00:06"]
[BlackClock "0:00:04"]

1. c4 e6 2. Nf3 d5 3. g3 dxc4 4. Qa4+ Bd7 5. Qxc4 c5 6. Bg2 Bc6 7. O-O Nf6 8. Rd1 Nbd7 9. Nc3 Rc8 10. d3 Be7 11. Bf4 O-O 12. Rac1 Nd5 13. Bd2 Re8 14. a3 h6 15. Qa2 Bf8 16. Ne4 b6 17. d4 Bb7 18. dxc5 Nxc5 19. Nxc5 Rxc5 20. b4 Rxc1 21. Rxc1 Qa8 22. Qb2 Be7 23. Rc2 Rc8 24. Rxc8+ Qxc8 25. Qb3 Ba6 26. e4 Nf6 27. Nd4 Bb7 28. Qd3 Qd7 29. f4 Ne8 30. e5 Bxg2 31. Kxg2 Nc7 32. Qe4 Nd5 33. Nf3 Qa4 34. Qd3 a5 35. f5 axb4 36. axb4 Bxb4 37. fxe6 fxe6 38. Bxh6 gxh6 39. Qg6+ Kf8 40. Qxh6+ Ke7 41. Ng5 Qc2+ 42. Kh3 Qf5+ 43. Kh4 Bd2 44. Qg7+ Ke8 45. Qg8+ Kd7 46. Nf7 Qe4+ 47. Kh3 Qf5+ 48. Kh4 Bb4 49. Qd8+ Kc6 50. Qe8+ Kb7 51. g4 Qf2+ 52. Kh5 Qxh2+ 53. Kg6 Qf4 54. Qd7+ Nc7 55. Qxe6 Nxe6 56. g5 Nxg5 57. Nxg5 Qxe5 58. Nf7 Qe6+ 0-1


[Site "https://www.chess.com"]

[Event "Titled Tuesday Blitz April 26 Late 2022"]
[White "Nazaretyan, Tigran"]
[Black "Bryakin, Mikhail"]
[WhiteFideId "24162345"]
[BlackFideId "4165314"]
[WhiteElo "2225"]
[BlackElo "2417"]
[Result "0-1"]
[Round "07"]
[TimeControl "180+1"]
[Date "2022.04.26"]
[WhiteClock "0:01:06"]
[BlackClock "0:01:31"]

1. d4 Nf6 2. c4 c5 3. d5 e6 4. Nc3 exd5 5. cxd5 d6 6. e4 g6 7. Bd3 Bg7 8. h3 O-O 9. Nf3 b5 10. Bxb5 Nxe4 11. Nxe4 Qa5+ 12. Nfd2 Qxb5 13. Nxd6 Qa6 14. N2c4 Nd7 15. O-O Nb6 16. Nxc8 Raxc8 17. Nxb6 Qxb6 18. a4 Rfd8 19. Bg5 Rd7 20. Qg4 Qb7 21. Rfd1 Bd4 22. Be3 Qxd5 23. b4 h5 24. Qe2 Qe6 25. Rac1 c4 26. Qd2 Bxe3 27. Qxd7 Qxd7 28. Rxd7 Bxc1 29. b5 c3 30. a5 c2 31. b6 axb6 32. axb6 Bf4 33. g3 c1=Q+ 34. Kg2 Qc6+ 35. f3 Qxd7 36. gxf4 Rc2+ 37. Kg3 Qd2 38. b7 Qf2# 0-1


[Site "https://www.chess.com"]

[Event "Titled Tuesday Blitz April 26 Late 2022"]
[White "Nozdrachev, Leonid"]
[Black "Rastbod, Ali"]
[WhiteFideId "24113433"]
[BlackFideId "12567477"]
[WhiteElo "2242"]
[BlackElo "2147"]
[Result "0-1"]
[Round "07"]
[TimeControl "180+1"]
[Date "2022.04.26"]
[WhiteClock "0:02:05"]
[BlackClock "0:01:39"]

1. e4 c5 2. c3 Nf6 3. e5 Nd5 4. Nf3 Nc6 5. d4 cxd4 6. Bc4 e6 7. cxd4 d6 8. O-O Be7 9. Qe2 O-O 10. Nc3 Nxc3 11. bxc3 dxe5 12. dxe5 b6 13. Nd4 Nxd4 14. cxd4 Qxd4 15. Be3 Qxe5 16. Qf3 Bd7 17. Rfd1 Ba4 18. Bd4 Bxd1 19. Rxd1 Qf5 20. Qb7 Bf6 21. Bd3 Qg4 0-1


[Site "https://www.chess.com"]